Cogmind - Beta 16 @@@ ROGUE MODE // 2025.10.25 @ 21:19:42 Player: pannocatto Result: Destroyed by G-34 Mercenary with Small Laser Performance ------------- Evolutions (0) 0 Regions Visited (2) 400 Robots Destroyed (10) 50 Value Destroyed (297) 297 Prototype IDs (0) 0 Alien Tech Used (0) 0 Bonus (0) 0 TOTAL SCORE: 747 Bonus ------- None Cogmind --------- Core Integrity 0/250 Matter 294/300 Energy 100/100 System Corruption 0% Temperature Cool (6) Movement Core (100) Ox1 Location -10/Mines Parts ------- > --- POWER (1) -------- (None) > --- PROPULSION (2) --- (None) > --- UTILITY (2) ------ Small Storage Unit > --- WEAPON (2) ------- (None) > --- INVENTORY (8) ---- Ion Engine Huge Storage Unit Peak State ------------ > --- POWER ------------ Ion Engine > --- PROPULSION ------- Wheel Compact Wheel > --- UTILITY ---------- Heat Sink Small Storage Unit > --- WEAPON ----------- Small Laser Small Laser > --- INVENTORY -------- Ion Engine Huge Storage Unit [Rating: 7] Favorites ----------- Power Ion Engine Engine Ion Engine Propulsion Aluminum Leg Leg Aluminum Leg Wheel Compact Wheel Hover Unit Hover Unit Flight Unit Flight Unit Utility Small Storage Unit Device Heat Sink Storage Small Storage Unit Weapon Small Laser Energy Gun Small Laser Ballistic Cannon Light Cannon Build | -11 -10 -10 ------- Run | Yrd Mat Min Slots Evolved . | . . . Power . | . . . Propulsion . | . . . Utility . | . . . Weapon . | . . . Parts Attached 14 | 6 7 1 Power 2 | 1 1 . Engine 2 | 1 1 . Core . | . . . Reactor . | . . . Propulsion 6 | 2 4 . Treads . | . . . Leg 2 | . 2 . Wheel 2 | 2 . . Hover 1 | . 1 . Flight 1 | . 1 . Utility 3 | 1 2 . Device 1 | . 1 . Storage 2 | 1 1 . Processor . | . . . Hackware . | . . . Protection . | . . . Artifact . | . . . Weapon 3 | 2 . 1 Energy Gun 2 | 2 . . Energy Cannon . | . . . Ballistic Gun . | . . . Ballistic Cannon 1 | . . 1 Launcher . | . . . Special Weapon . | . . . Impact Weapon . | . . . Slashing Weapon . | . . . Piercing Weapon . | . . . Special Melee Weapon . | . . . Unidentified Prototypes . | . . . Parts Lost 8 | . 2 6 Power 1 | . . 1 Propulsion 3 | . 1 2 Utility 1 | . . 1 Weapon 3 | . 1 2 Highest Loss Streak 6 | . 1 6 To Critical Strikes . | . . . Average Backups 2 | 1 2 2 Power . | . 1 1 Propulsion . | . . . Utility . | . . 1 Weapon . | . . . Tool/Special . | . . . Unused Backups 5 | 3 . 2 Power 1 | . . 1 Propulsion 2 | 2 . . Utility 1 | . . 1 Weapon 1 | 1 . . Tool/Special . | . . . Average Slot Usage (%) 90 | . 91 89 Engine 13 | . 14 12 Leg 6 | . 9 . Wheel 9 | . 13 . Hover 5 | . 2 11 Flight 5 | . 2 13 Device 11 | . 10 13 Storage 14 | . 14 14 Energy Gun 20 | . 24 11 Ballistic Cannon 3 | . . 11 Peak Build Rating 7 | 6 7 7 Average Rating 6 | 3 6 6 On Entrance 4 | . 6 6 Avg Prop Armor Cover (%) 4 | . 5 3 Naked Turns . | . . . Heaviest Build 13 | 12 13 13 Greatest Support 26 | 26 26 6 Greatest Overweight (x) 3 | . 1 3 Average Overweight (x) . | . . 1 Largest Inventory Capacity 25 | 8 25 8 Average Capacity 7 | 6 8 8 Most Carried 4 | 4 4 3 Average Carried 2 | 1 2 2 Final Capacity 8 | 8 8 8 Final Carried 2 | 1 2 2 Class Distribution -------------------- 100% | Mutant Dominant Class ---------------- Mutant | -10/Materials Mutant | -10/Mines Resources | -11 -10 -10 ----------- Run | Yrd Mat Min Matter Collected 340 | 260 80 . Remotely . | . . . Salvage Created 335 | . 335 . Parts 21 | . 21 . Haulers Intercepted . | . . . Recyclers Shooed . | . . . Parts Field Recycled . | . . . Retrieved Matter . | . . . Parts Self-Destructed . | . . . Prevented . | . . . Parts Restored . | . . . Kills | -11 -10 -10 ------- Run | Yrd Mat Min Combat Hostiles Destroyed 7 | . 7 . Guns 7 | . 7 . Classes Destroyed 3 | . 3 . Worker 1 | . 1 . Watcher 2 | . 2 . Grunt 7 | . 7 . Best Kill Streak 3 | . 3 . Combat Bots Only 2 | . 2 . Max Kills in Single Turn 1 | . 1 . Gunslinging . | . . . Exploded . | . . . Melee . | . . . Uniques/NPCs Destroyed . | . . . Combat | -11 -10 -10 -------- Run | Yrd Mat Min Hostile Shots Fired 65 | . 51 14 Missed 16 | . 11 5 Hits 49 | . 40 9 Projectile 49 | . 40 9 AOE 7 | . . 7 Critical Strikes 1 | . 1 . Damage Taken 812 | . 489 323 Core 258 | . 205 53 Absorbed by Shields . | . . . Core Remaining (%) 100 | 100 . . Volleys Fired 43 | . 39 4 Largest 2 | . 2 2 Hottest 80 | . 80 70 Shots Fired 71 | . 64 7 Gun 67 | . 64 3 Cannon 4 | . . 4 Launcher . | . . . Special . | . . . Kinetic 4 | . . 4 Thermal 67 | . 64 3 Explosive . | . . . Electromagnetic . | . . . Robot Hit Streak 9 | . 9 6 Robot Miss Streak 3 | . 3 1 Penetration Max . | . . . Secondary Targets 2 | . 2 . Max Gunslinging Chain 1 | . 1 . Shots Hit Robots 48 | . 42 6 Core Hits 22 | . 20 2 Critical Kills . | . . . Critical Parts Destroyed . | . . . Critical Strikes . | . . . Melee Attacks . | . . . Impact . | . . . Slashing . | . . . Piercing . | . . . Sneak Attacks . | . . . Combat Hostiles . | . . . Follow-up Attacks . | . . . Damage Inflicted 544 | . 469 75 Guns 501 | . 469 32 Cannons 43 | . . 43 Explosions . | . . . Melee . | . . . Ramming . | . . . Kinetic 43 | . . 43 Thermal 501 | . 469 32 Explosive . | . . . Electromagnetic . | . . . Impact . | . . . Slashing . | . . . Piercing . | . . . Highest Corruption . | . . . Average Corruption . | . . . Corruption Purged . | . . . Corruption Blocked . | . . . Overload Shots . | . . . Overflow Damage . | . . . Projectiles . | . . . Explosions . | . . . Melee . | . . . Knockbacks . | . . . Impact . | . . . Kinetic . | . . . Secondary . | . . . Self-Inflicted Damage . | . . . Shots . | . . . Rammed . | . . . Targets Rammed . | . . . Kicked . | . . . Crushed . | . . . Highest Temperature 120 | . 120 . Average Temperature 34 | . 34 . Received Heat Transfer 309 | . 288 21 Siege Activations . | . . . Martial Activations . | . . . Shielding Activations . | . . . Robots Disrupted . | . . . Combat Hostiles . | . . . Robots Corrupted . | . . . Combat Hostiles . | . . . Parts Fried . | . . . Impact Corruptions . | . . . Robots Melted . | . . . Combat Hostiles . | . . . Parts Melted 1 | . 1 . Heat Transferred 1150 | . 1075 75 Parts Sabotaged . | . . . Parts Stolen . | . . . Parts Stripped . | . . . Power Chain Reactions . | . . . Alert | -11 -10 -10 ------- Run | Yrd Mat Min Maximum Alert Level . | . . . Low Security (%) 100 | 100 100 100 Level 1 . | . . . Level 2 . | . . . Level 3 . | . . . Level 4 . | . . . Level 5 . | . . . High Security . | . . . Max Security . | . . . Peak Influence 60 | . 60 4 Initial 4 | . . 4 Average 12 | . 20 . Influence Increases 186 | . 186 . Destroy 0b10 Robot/C 140 | . 140 . Destroy 0b10 Robot/NC 15 | . 15 . Destroy Leader 24 | . 24 . Successful Hack 7 | . 7 . Influence Decreases 186 | . 174 12 Entered New Map 8 | . . 8 Time Decay 161 | . 157 4 Lost Part 17 | . 17 . Squads Dispatched . | . . . Investigation . | . . . Extermination . | . . . Reinforcement . | . . . Assault . | . . . Garrison . | . . . Intercept . | . . . Searches Triggered . | . . . Construction Impeded . | . . . Haulers Reinforced . | . . . Active Scanning Responses . | . . . Cargo Convoy Interrupts . | . . . Stealth | -11 -10 -10 --------- Run | Yrd Mat Min Distress Signals 1 | . 1 . Communications Jammed . | . . . Distress Signals . | . . . Times Spotted 17 | . 13 4 Peak Tracking Total 4 | . 3 4 Tactical Retreats . | . . . Traps | -11 -10 -10 ------- Run | Yrd Mat Min Traps Triggered . | . . . Indirectly . | . . . Trap Hack Attempts . | . . . Triggered . | . . . Disarmed . | . . . Reprogrammed . | . . . Reused . | . . . Traps Extracted . | . . . Installed . | . . . Triggered . | . . . Machines | -11 -10 -10 ---------- Run | Yrd Mat Min Machines Disabled . | . . . Max in Single Turn . | . . . Machines Repaired . | . . . Machines Dismantled . | . . . Machines Sabotaged . | . . . Overloaded Fab Kills . | . . . Hacking | -11 -10 -10 --------- Run | Yrd Mat Min Machines Accessed 1 | . 1 . Terminals 1 | . 1 . Fabricators . | . . . Repair Stations . | . . . Recycling Units . | . . . Scanalyzers . | . . . Garrison Access . | . . . Total Hacks 2 | . 2 . Successful 1 | . 1 . Failed 1 | . 1 . Catastrophic . | . . . Database Lockouts . | . . . Manual . | . . . Terminals 2 | . 2 . Fabricators . | . . . Repair Stations . | . . . Recycling Units . | . . . Scanalyzers . | . . . Garrison Access . | . . . Terminal Hacks 1 | . 1 . Registered Components 1 | . 1 . Fabricator Hacks . | . . . Repair Station Hacks . | . . . Recycling Unit Hacks . | . . . Scanalyzer . | . . . Garrison Access Hacks . | . . . Unauthorized Hacks . | . . . Terminals . | . . . Fabricators . | . . . Repair Stations . | . . . Recycling Units . | . . . Scanalyzers . | . . . Garrison Access . | . . . Data Cores Recovered . | . . . Used . | . . . Hacking Detections 1 | . 1 . Full Trace Events . | . . . Feedback Events . | . . . Feedback Blocked . | . . . Robot Schematics Acquired . | . . . Robots Built . | . . . Authchips . | . . . Time . | . . . Total Robot Build Rating . | . . . Part Schematics Acquired . | . . . Parts Built . | . . . Authchips . | . . . Time . | . . . Total Part Build Rating . | . . . Part Studies Acquired . | . . . Parts Repaired . | . . . Time . | . . . Parts Recycled . | . . . Recycled Matter . | . . . Retrieved Matter . | . . . Retrieved Components . | . . . Parts Scanalyzed . | . . . Part Schematics Acquired . | . . . Parts Damaged . | . . . Bothacking | -11 -10 -10 ------------ Run | Yrd Mat Min Used RIF Installer . | . . . Robots Hacked . | . . . Non-combat . | . . . Combat . | . . . Robot Hacks Applied . | . . . Relay Couplers Released . | . . . Fabnet Peak Effective % . | . . . Robots Rewired . | . . . Allies Hacked . | . . . Hacks Repelled . | . . . Allies | -11 -10 -10 -------- Run | Yrd Mat Min Total Allies . | . . . Largest Group . | . . . Highest-Rated Group . | . . . Highest-Rated Ally . | . . . Total Orders . | . . . Ally Attacks . | . . . Total Damage . | . . . Kills . | . . . Allies Corrupted . | . . . Allies Melted . | . . . Intel | -11 -10 -10 ------- Run | Yrd Mat Min Active Infowar (turns) . | . . . Robot Analysis Total . | . . . Derelict Logs Recovered . | . . . Drone Launches . | . . . Drone Recoveries . | . . . Exploration | -11 -10 -10 ------------- Run | Yrd Mat Min Turns Passed 641 | 73 394 174 Spaces Moved 384 | 65 224 95 Core 25 | 7 . 18 Treads . | . . . Legs 81 | . 81 . Wheels 149 | 58 91 . Hover 129 | . 52 77 Flight . | . . . Fastest Speed 50 | 50 90 100 Average Speed 117 | 86 107 161 Slowest Speed 200 | 100 120 200 Overloaded Moves . | . . . Propulsion Burnouts . | . . . Robots Hopped . | . . . Potential Cave-ins . | . . . Cave-ins Triggered . | . . . Exploration Rate (%) 21 | 3 38 24 Regions Visited 2 Branch Regions 1 Pre-discovered Areas . | . . . Known Exits Taken . | . . . Unknown Exits Taken 2 | 1 1 . Scrap Searched 1 | . . 1 Spaces Dug . | . . . Terrain Destroyed . | . . . Melee . | . . . Projectile . | . . . AOE . | . . . Terrain Rammed . | . . . Walls Destroyed . | . . . Machines Disabled . | . . . Actions | -11 -10 -10 --------- Run | Yrd Mat Min Total 502 | 83 311 108 Wait 34 | . 30 4 Move 382 | 64 223 95 Hop . | . . . Pick Up 19 | 10 7 2 Fast Attach . | . . . Attach 9 | 6 2 1 Detach . | . . . Swap 7 | . 6 1 Drop 8 | 3 4 1 Fire 43 | . 39 4 Melee . | . . . Ram . | . . . Kick . | . . . Crush . | . . . Escape Stasis . | . . . Rewire . | . . . Trap . | . . . Miscellaneous . | . . . Route ------- -11/Scrapyard -10/Materials (discovered 2 exits: [*Min x2]) -10/Mines History --------- Turn | Location | Event 7 | -11/Scrapyard | Discovered new exit (range 16) 74 | -11/Scrapyard | Entered Materials 115 | -10/Materials | Discovered new exit (range 12) 123 | -10/Materials | Discovered new exit (range 16) 246 | -10/Materials | Core integrity fell below 50% 303 | -10/Materials | Build established: Mutant 375 | -10/Materials | Core integrity fell below 20% 468 | -10/Materials | Entered Mines 580 | -10/Mines | Assembled infested the area 642 | -10/Mines | Destroyed by G-34 Mercenary with Small Laser Last Messages --------------- ALERT: Infestation in the mines, dispatching Demolisher response squad. K-01 Serf collects debris. C-45 Heavy ARC bursts open, deploying its payload. D-53 Grenadier unfolds itself. Hover Unit destroyed. T-07 Excavator destroyed. K-01 Serf collects debris. The unstable cave ceiling collapses. K-01 Serf destroyed. Sml. Laser destroyed. The unstable cave ceiling collapses. U-05 Engineer lays Concrete. Lgt. Ion Engine destroyed. U-05 Engineer builds a Wall. The unstable cave ceiling collapses. Heat Sink destroyed. Flight Unit destroyed. Lgt. Cannon destroyed. U-05 Engineer lays Concrete. T-07 Excavator is excavating. Map ----- +----------------------------------------------------+ | ????### ##???? ????????????????????????????????? | | ????# ????? %*????????????????????????????????? | | ????# ?????? =%????????????????????????????????? | | ?#### #?????? ????????????????????????????????? | | ?# %=#??????# ????????????????????????????????? | | ?# % #??????# ????????????????????????????????? | | ?# ### #?????? ????????????????????????????????? | | ?# ??# #?????? ????????????????????????????????? | | ?# #?# #####?? ????????????????????????????????? | | ## ## ## ### ????????????????????????????????? | | # ????????????????????????????????? | | # ## ##???????????????????????????????? | | ## ### ##??????????????????????????????? | | ?### ##?????????????????????????????? | | ???## #?????????????????????????????? | | ???## # ##????????????????????????????? | | ???# ## # #????????????????????????????? | | ??## ### #????????????????????????????? | | ?## ##?# #????????????????????????????? | | ?# ##??# # ##????????????????????????????? | | ## ##???## #????????????????????????????? | | # ##?????# #?????????????????????????????? | | ##??????# #?????????????????????????????? | | #????????# #??????????????????????????????? | | #??????### ################????????????????? | | ##??? ## @ #????????????????? | | ### ## ##### g g #????????????????? | | # ########???# #?????????????? | | # #???????????# ## #?????????????? | | # ##???????????# """ #????????????????? | | ##????????????# """ #????????????????? | | #?????????????# """ #????????????????? | | #????????????# #????????????????? | | #???????????##### u#??????????????????? | | #??????????????? ??????????????????? | | ## #??????????????tt #?????????????????? | | ##?# #?????????????? ###?????????????????? | | #???# #???????????????#???????????????????? | | ##???? #???????????????????????????????????? | | # ##?????? #???????????????????????????????????? | | ###??????????#???????????????????????????????????? | | ?????????????????????????????????????????????????? | | ?????????????????????????????????????????????????? | | ?????????????????????????????????????????????????? | | | | | | | | | | | | | +----------------------------------------------------+ Best States ------------- Heat Dissipation 35 Energy Generation 10 Energy Capacity 250 Matter Stores 300 Matter Capacity 300 Sight Range 16 Terrain Scan Density 10 Evasion (%) 55 Item Schematics ----------------- None Robot Schematics ------------------ None Fabricated ------------ Nothing Repaired ---------- Nothing Studied --------- None Alien Tech Used ----------------- None Achievements -------------- None Challenges ------------ None Game ------ Seed SuperquantumMachineCharge Manual? 0 Play Time 00:11:09 Cumulative 1.5 hours Start 2025.10.25 @ 15:21:31 End 2025.10.25 @ 21:19:42 Sessions 2 Manual Loads 0 Difficulty Rogue Special Mode None Game No. 5 Rogue 5 Adventurer 0 Explorer 0 Win Type - Total 0 Types 0/0/0/0/0/0/0/0/0/0 Lore% 0 Gallery% 3 Achievement% 3 Wizard Run 0 Options --------- Layout 0 ASCII 1 Keyboard 0 Movement Mouse Keybinds 0 Fullscreen 2 Font 36/VGA_Max Map View 76x50 Zoom Use 0% Tactical HUD 0 Map Filters NONE Filters NONE Steam 1 RUN: 490d7223-c17c-412c-aebc-4f2bdc680080